 Dungeon Crawl Stone Soup version 0.29-a0-813-g4a14ea37d6 (webtiles) character file.

Game seed: 6300585254414867015

88 gobodom the Grave Robber (level 4, -1/30 HPs)
             Began as a Demonspawn Necromancer on July 5, 2022.
             Killed by nerve-wracking pain
             ... invoked by Grinder
              (13 damage)
             ... on level 3 of the Dungeon.
             The game lasted 00:06:08 (2045 turns).

gobodom the Grave Robber (Demonspawn Necromancer)   Turns: 2045, Time: 00:06:08

Health: -1/30      AC:  3    Str:  8    XL:     4   Next: 30%
Magic:  5/8        EV: 12    Int: 18    God:
Gold:   59         SH:  0    Dex: 14    Spells: 5/9 levels left

rFire   + . .      SeeInvis +   (no weapon)
rCold   . . .      Faith    .   (no shield)
rNeg    . . .      Spirit   .   a - +0 robe
rPois   .          Reflect  .   (no helmet)
rElec   .          Harm     .   h - +0 cloak
rCorr   .          Rampage  .   (no gloves)
Will    .....                   (no boots)
Stlth   ++........              (no amulet)
HPRegen 0.10/turn               u - ring of protection from fire
MPRegen 0.11/turn               v - ring of see invisible

@: no status effects
A: demonic magic 1
a: no special abilities


You were on level 3 of the Dungeon.
You visited 1 branch of the dungeon, and saw 4 of its levels.

You collected 59 gold pieces.

Inventory:

Missiles
 q - 4 poisoned darts
Armour
 a - a +0 robe (worn)
 h - a +0 cloak (worn)
 o - the +1 ring mail "Eneuc" {Dex+3}
   (You found it on level 4 of the Dungeon)

   Dex:       It affects your dexterity (+3).
Jewellery
 j - a ring of fire
 k - a ring of fire
 u - a ring of protection from fire (left hand)
 v - a ring of see invisible (right hand)
Wands
 p - a wand of iceblast (10)
Scrolls
 d - 2 scrolls of immolation {unknown}
 e - a scroll of fog {unknown}
 i - a scroll of identify {unknown}
 n - a scroll of poison {unknown}
 r - a scroll of enchant weapon {unknown}
Potions
 b - a potion of magic
 c - 2 potions of heal wounds {unknown}
 f - a potion of cancellation {unknown}
 g - 2 potions of might {unknown}
 l - a potion of invisibility {unknown}
 m - a potion of attraction {unknown}
 s - a potion of flight {unknown}
 t - a potion of degeneration {unknown}
 w - 2 potions of curing {unknown}


   Skills:
 + Level 2.0 Dodging
 + Level 1.8 Stealth
 + Level 3.2 Spellcasting
 + Level 5.4 Necromancy


You had 5 spell levels left.
You knew the following spells:

 Your Spells              Type           Power      Damage    Failure   Level
a - Necrotise             Necr           88%        1d8       1%          1
b - Vampiric Draining     Necr           22%        2d7       5%          3

Your spell library contained the following spells:

 Spells                   Type           Power      Damage    Failure   Level
 Apportation              Tloc           4%         N/A       16%         1
 Sandblast                Erth           4%         2d4       16%         1
 Animate Dead             Necr           22%        N/A       17%         4
 Passwall                 Tmut/Erth      1%         N/A       24%         2
 Stone Arrow              Conj/Erth      4%         3d7       43%         3
 Agony                    Necr           22%        N/A       43%         5
 Passage of Golubria      Tloc           2%         N/A       85%         4
 Alistair's Intoxication  Tmut/Pois      1%         N/A       99%         5
 Silence                  Hex/Air        1%         N/A       99%         5
 Lehudib's Crystal Spear  Conj/Erth      1%         10d2      100%        8


Dungeon Overview and Level Annotations

Branches:
Dungeon (4/15)
 Temple: D:4-7

Altars:

Shops:
D:2 [

Annotations:
D:3 Grinder


Innate Abilities, Weirdness & Mutations

Spells you cast may paralyse adjacent enemies.


Message History

Nothing appears to happen.
The bat barely misses you.
The bat writhes in agony.
You kill the bat!
Malevolent energies surge around you.
The dead are flying!
Your magical contamination has completely faded away.
You swap places.
Your bat skeleton crumbles into dust!
Found a stone staircase leading up.
There is a stone staircase leading up here.
A rat comes into view.
You can't see any susceptible monsters within range! (Use Z to cast anyway.)
The rat writhes in agony!
You kill the rat!
Malevolent energies surge around you.
The dead are walking!
You swap places.
Done exploring.
Done exploring.
You swap places.
You see here 2 stones.
There is a stone staircase leading down here.
You climb downwards.
Level annotation: Grinder
There is a stone staircase leading up here.
The endoplasm quivers.
You can't see any susceptible monsters within range! (Use Z to cast anyway.) Grinder shouts!
Grinder is unaffected.
Malevolent energies surge around you. Grinder gestures at you.
Pain shoots through your body!
Grinder is unaffected.
Malevolent energies surge around you.
Grinder is unaffected.
Malevolent energies surge around you. Grinder hits you!
You writhe in agony.
You are too injured to fight recklessly!
Casting: Necrotise (safe; 1% risk of failure)
Confirm with . or Enter, or press ? or * to list all spells.
You can't see any susceptible monsters within range! (Use Z to cast anyway.)
You barely miss Grinder. Your punch misses Grinder. Grinder gestures at you.
Pain shoots through your body!
You die...

#.# .. #.# . ##.# ##.
..# #.. #.########
..#######
#.#......###...!..<.
#.........##....#####
#..........#..#.....#
###.........@5J#....#
#............###....#
##.#.................#
#..#...........##....#
###.###..>.....####....#
#...............# ###.##
#...##<.........# #..#
######..........# ##.##
#..........# #..#


You could see Grinder and an endoplasm.

Vanquished Creatures
  Natasha (D:4)
  An adder (D:2)
  A worm (D:2)
  2 dart slugs
  4 bats
  3 endoplasms
  2 giant cockroaches (D:1)
  4 goblins
  6 hobgoblins
  4 jackals (D:2)
  2 ball pythons
  3 frilled lizards
  A kobold (D:1)
  7 rats
41 creatures vanquished.

Vanquished Creatures (collateral kills)
  2 bats (D:1)
  2 endoplasms (D:2)
  A rat (D:1)
5 creatures vanquished.

Vanquished Creatures (others)
  A plant (D:2)
1 creature vanquished.

Grand Total: 47 creatures vanquished

Notes
Turn   | Place    | Note
-------+----------+-------------------------------------------
     0 | D:1      | gobodom the Demonspawn Necromancer began the quest for the
                  | Orb.
     0 | D:1      | Reached XP level 1. HP: 13/13 MP: 3/3
   147 | D:1      | Gained mutation: Spells you cast may paralyse adjacent
                  | enemies. [demonic ancestry]
   147 | D:1      | Reached XP level 2. HP: 19/19 MP: 0/5
   453 | D:1      | Reached skill level 5 in Necromancy
   968 | D:2      | Found Huhyukhla's Antique Armour Shoppe.
  1088 | D:2      | Reached XP level 3. HP: 24/24 MP: 4/6
  1389 | D:2      | You fall into a shaft and drop 2 floors!
  1425 | D:4      | Noticed Natasha
  1430 | D:4      | Killed Natasha
  1431 | D:4      | Reached XP level 4. HP: 22/30 MP: 2/8
  1433 | D:4      | Identified the +1 ring mail "Eneuc" {Dex+3}
  1559 | D:3      | Noticed Grinder
  1731 | D:2      | Learned a level 3 spell: Vampiric Draining
  2045 | D:3      | Killed from afar by Grinder

Illustrated notes

Levels and vault maps discovered:
D:1:      ncdulo_lavacross, layout_basic, chequers_serial_rivers_room_a,
          chequers_serial_rivers_marsh
D:2:      layout_loops_cross, serial_glass, glass_columns_a, glass_columns_a,
          serial_shops, shop, guppyfry_early_lair_pool
D:3:      layout_rooms, nicolae_ru_the_path_less_chosen,
          kennysheep_generic_room_4, uniq_grinder
D:4:      layout_loops_corners, mainiacjoe_overflow_alcove_1, xom_redecorated,
          mainiacjoe_overflow_small_starburst, kennysheep_cluttered_room,
          hangedman_decor_opposing, uniq_natasha, uniq_crazy_yiuf_cottage,
          uniq_sigmund

Skill      XL: |  1  2  3 |
---------------+----------+-----
Necromancy     | 5 |  5.4
Dodging        | 2 |  2.0
Spellcasting   | 3 |  3.2
Stealth        | |  1.8

Action                   |  1- 3 |  4- 6 || total
-------------------------+-------+-------++-------
Melee: Unarmed           |     2 |     2 ||     4
 Cast: Necrotise         |    65 |    12 ||    77
Armor: Robe              |     1 |     7 ||     8
Dodge: Dodged            |     8 |     3 ||    11

Table legend: (Time is in decaauts)
 A = Elapsed time spent in this place.
 B = Non-inter-level travel time spent in this place.
 C = Inter-level travel time spent in this place.
 D = Time resting spent in this place.
 E = Time spent auto-exploring this place.
 F = Levels seen in this place.
 G = Mean time per level.
                   A        B        C        D        E       F      G
               +--------+--------+--------+--------+--------+-----+--------+
         Total |   2047 |   1912 |    135 |      0 |   1533 |   4 |  511.8 |
       Dungeon |   2047 |   1912 |    135 |      0 |   1533 |   4 |  511.8 |
               +--------+--------+--------+--------+--------+-----+--------+

Top non-repeatable levels by time:
     D:2: 908 daAuts
     D:1: 906 daAuts
     D:4: 134 daAuts
     D:3: 97 daAuts
